Map: Darkness Sanctuary LE

Players

Anunnaki

  • Race: Terran Terran
  • League: Diamond
  • Spawn Location: 11:00

Marzbar - Winner!

  • Race: Zerg Zerg
  • League: Diamond
  • Spawn Location: 7:00

VOD

Have the link to the VOD?

Description

Time

  • Played on: June 12, 2018, 2:35 a.m.
  • Length: 16:56
Show
View Real Time Build Order
Export as new Build Order

Anunnaki Terran 

Build Orders: Command Center First (CC), Mech 

Get SALT Encoding   

  12  0:00  SCV  
  13  0:13  SCV  
  14  0:20  Supply Depot  
  14  0:25  SCV  
  15  0:42  SCV  
  16  0:58  Command Center  
  16  1:01  SCV  
  17  1:13  SCV  
  18  1:25  SCV  
  20  1:40  SCV, Command Center  
  20  1:44  Refinery  
  20  1:52  SCV  
  21  1:55  Refinery  
  21  2:07  Barracks  
  22  2:08  SCV  
  22  2:13  SCV  
  23  2:20  SCV  
  24  2:25  Engineering Bay, SCV  
  25  2:32  SCV  
  26  2:38  SCV  
  27  2:46  Supply Depot  
  27  2:50  Supply Depot  
  27  2:54  Marine  
  27  2:59  SCV  
  27  3:12  Marine  
  25  3:22  SCV x3  
  28  3:30  Marine  
  28  3:34  SCV  
  30  3:36  Bunker  
  30  3:41  Bunker  
  30  3:45  Planetary Fortress  
  30  3:53  Refinery  
  30  3:56  Orbital Command  
  30  4:00  Marine  
  31  4:05  Orbital Command  
  31  4:21  SCV  
  31  4:23  SCV  
  33  4:28  Refinery  
  33  4:30  Factory  
  33  4:33  SCV x2  
  33  4:35  SCV  
  36  4:45  SCV x2  
  37  4:47  SCV  
  37  4:51  Factory  
  39  4:56  Marine  
  39  4:57  SCV  
  39  4:58  SCV  
  39  4:59  SCV  
  43  5:04  Factory  
  43  5:11  Factory  
  43  5:13  Armory  
  43  5:14  SCV, Marine  
  43  5:15  SCV  
  43  5:18  Factory Tech Lab  
  43  5:19  SCV  
  47  5:27  SCV x2  
  49  5:31  SCV  
  49  5:32  Marine  
  51  5:37  Factory Reactor  
  51  5:38  Siege Tank  
  51  5:39  SCV x2  
  56  5:43  SCV  
  57  5:52  Command Center, Factory Tech Lab  
  57  5:55  Factory Reactor  
  57  5:57  SCV  
  57  5:58  SCV  
  57  6:01  Armory  
  57  6:02  Terran Vehicle Weapons Level 1  
  57  6:03  SCV  
  60  6:09  SCV  
  61  6:19  Supply Depot  
  61  6:23  Supply Depot  
  61  6:34  Command Center  
  61  6:40  Thor, Marine  
  61  6:41  SCV  
  61  6:45  SCV x2  
  61  6:46  Thor  
  77  6:57  Terran Vehicle And Ship Armor Level 1  
  77  7:03  Marine  
  77  7:04  Orbital Command, SCV x3, Hellion x4  
  89  7:16  SCV x3  
  92  7:45  Siege Tank, Thor, Widow Mine, SCV x3, Marine  
  92  7:46  Orbital Command  
  107  7:56  Widow Mine, SCV  
  102  8:00  Hellion x2  
  102  8:03  Factory  
  106  8:09  Refinery  
  106  8:10  Refinery  
  106  8:16  SCV  
  107  8:25  Terran Vehicle Weapons Level 2  
  107  8:39  Supply Depot  
  107  8:40  Supply Depot x2  
  107  8:41  Supply Depot x2  
  107  8:42  Supply Depot  
  107  8:43  Supply Depot  
  107  8:45  Supply Depot  
  107  8:52  Terran Vehicle And Ship Armor Level 2  
  107  8:58  Terran Infantry Weapons Level 1, Infernal Pre-Igniter  
  107  8:59  Smart Servos  
  107  9:00  Thor, SCV x2  
  107  9:01  SCV  
  107  9:02  Thor, Factory Tech Lab, Hellion x4  
  130  9:06  Factory  
  130  9:07  Orbital Command  
  130  9:12  SCV  
  130  9:13  SCV  
  130  9:14  SCV  
  133  9:18  Hellion  
  133  9:23  Hellion x3  
  133  9:24  Hellion  
  141  9:25  SCV  
  141  9:31  Siege Tank  
  145  9:32  Marine  
  146  9:44  Hellion  
  146  9:45  Thor  
  154  9:52  Hellion x3  
  162  9:53  Hellion  
  162  9:54  Siege Tank  
  163  10:02  Orbital Command  
  163  10:03  Siege Tank  
  163  10:06  SCV x2, Hellion  
  163  10:07  SCV  
  171  10:48  SCV x2  
  171  10:49  SCV x2, Hellion  
  171  10:50  SCV, Hellion  
  171  10:52  Siege Tank  
  171  10:56  Siege Tank x2  
  166  11:00  SCV x2  
  166  11:01  SCV x2, Hellion x3  
  166  11:02  SCV  
  143  11:13  SCV  
  143  11:14  Hellion x2  
  143  11:16  Marine  
  140  11:22  Hellion x2  
  140  11:25  Siege Tank  
  147  11:28  Siege Tank x2  
  147  11:29  Supply Depot, Factory  
  147  11:30  Factory, Factory Tech Lab  
  147  11:32  Factory  
  153  11:35  Hellion  
  153  11:36  Hellion  
  157  11:42  Rapid Fire Launchers, Drilling Claws  
  157  11:44  SCV x2, Hellion x2  
  157  11:45  Terran Vehicle Weapons Level 3  
  161  11:57  Siege Tank, Hellion x2  
  161  12:00  Siege Tank, Thor  
  168  12:01  Refinery  
  139  12:18  Thor  
  139  12:21  Hellion x3  
  140  12:23  Marine  
  140  12:28  Thor  
  140  12:29  Starport  
  147  12:31  Hellion x2  
  147  12:32  Thor, Orbital Command, Hellion x2  
  161  12:41  Marine  
  161  12:42  Hellion x3  
  161  12:43  Siege Tank  
  171  12:53  SCV x2, Hellion x2  
  177  13:03  SCV x2  
  179  13:18  Starport Reactor  
  179  13:20  Factory Tech Lab x3  
  179  13:30  SCV  
  179  13:31  SCV x4  
  179  13:32  Hellion  
  178  13:36  Hellion x3  
  178  13:40  Thor  
  178  13:41  Thor  
  179  13:42  SCV  
  179  13:43  Thor, SCV x2  
  179  13:44  SCV  
  179  13:45  Thor  
  179  13:48  Thor  
  178  13:49  Marine, Hellion  
  178  13:51  SCV  
  178  13:54  Hellion  
  178  13:55  SCV x2  
  178  13:57  Hellion  
  179  14:23  Marine  
  179  14:24  SCV  
  179  14:25  Refinery, Hellion  
  179  14:27  Refinery, SCV x2  
  179  14:28  Hellion  
  179  14:29  SCV, Hellion  
  179  14:30  Hellion x2  
  179  14:31  SCV  
  178  14:32  Hellion x2  
  178  14:33  Thor  
  178  14:36  Hellion x2  
  178  14:41  Marine  
  178  14:42  Hellion  
  177  14:47  Hellion  
  177  14:48  Refinery  
  177  14:49  Hellion  
  177  14:50  Refinery, Hellion  
  177  14:51  Hellion  
  177  14:52  Siege Tank  
  180  15:12  Thor x2  
  180  15:13  Hellion x2  
  180  15:14  Hellion x3  
  162  15:55  Thor x3  
  162  15:56  Hellion x6  
  190  15:57  Hellion x2  
  169  16:17  Hellion x3  
  169  16:18  Hellion x5  
  134  16:26  Medivac x2  
Show
View Real Time Build Order
Export as new Build Order

Marzbar Zerg - Winner!

Build Orders: Hatch First, Swarm Host 

Get SALT Encoding   

  12  0:01  Drone  
  13  0:13  Overlord  
  13  0:16  Drone  
  14  0:31  Drone x2  
  14  0:34  Drone  
  17  0:53  Hatchery  
  17  0:56  Drone  
  17  0:58  Drone  
  17  1:01  Extractor  
  17  1:16  Spawning Pool  
  17  1:18  Drone  
  17  1:24  Drone  
  18  1:28  Drone  
  19  1:39  Overlord  
  19  1:56  Drone  
  20  2:02  Queen  
  20  2:03  Zergling x2  
  20  2:04  Queen  
  20  2:05  Zergling x2  
  26  2:11  Metabolic Boost  
  26  2:16  Drone  
  26  2:21  Drone  
  28  2:24  Drone  
  28  2:27  Drone  
  30  2:33  Drone  
  31  2:44  Hatchery  
  31  2:47  Drone  
  30  3:08  Drone x4  
  30  3:09  Zergling x2  
  35  3:23  Zergling x2  
  36  3:33  Drone  
  36  3:40  Overlord  
  36  3:47  Overlord  
  36  3:48  Overlord  
  36  3:55  Queen x2  
  36  3:59  Overlord, Queen  
  36  4:00  Overlord, Drone  
  36  4:01  Drone x7  
  50  4:06  Baneling Nest  
  49  4:17  Overlord  
  49  4:20  Overlord x2  
  49  4:21  Zergling x8  
  52  4:32  Extractor  
  52  4:33  Extractor  
  51  4:43  Drone  
  51  4:44  Overlord x2, Extractor, Drone x4  
  51  4:45  Zergling x2  
  56  4:48  Spore Crawler  
  56  4:49  Spore Crawler  
  56  4:50  Lair  
  54  4:57  Drone  
  55  5:00  Drone x2  
  55  5:01  Overlord, Drone x4  
  61  5:24  Drone x3  
  61  5:25  Drone x3  
  61  5:26  Spore Crawler  
  66  5:40  Evolution Chamber  
  66  5:41  Drone x3  
  68  5:46  Drone x3  
  68  5:47  Zergling x4  
  68  5:48  Zergling x2  
  74  5:56  Hydralisk Den  
  73  5:59  Drone  
  73  6:00  Overlord, Drone x2  
  73  6:01  Drone x2  
  78  6:05  Extractor  
  78  6:06  Extractor  
  76  6:16  Hatchery  
  76  6:17  Zergling x2  
  76  6:18  Zergling x14  
  83  6:20  Baneling x9  
  83  6:21  Baneling x2  
  83  6:26  Hatchery  
  82  6:36  Drone x2  
  84  6:41  Hatchery  
  83  6:51  Evolution Chamber  
  82  6:56  Spine Crawler  
  81  7:02  Zerg Missile Weapons Level 1, Hydralisk  
  81  7:03  Hydralisk  
  81  7:04  Hydralisk x5  
  95  7:09  Drone x8, Evolution Chamber  
  95  7:13  Extractor  
  101  7:22  Pneumatized Carapace  
  101  7:31  Hydralisk x4  
  109  7:43  Queen  
  109  7:59  Centrifical Hooks, Hydralisk  
  109  8:00  Hydralisk x3  
  117  8:10  Drone x6  
  117  8:11  Drone x11  
  117  8:12  Hydralisk  
  134  8:13  Hydralisk x3  
  142  8:24  Overlord  
  142  8:25  Overlord x3  
  142  8:26  Zerg Ground Armor Level 1  
  142  8:37  Extractor  
  142  8:38  Extractor  
  142  8:39  Spine Crawler  
  139  8:42  Spine Crawler  
  139  8:43  Spore Crawler, Hydralisk  
  139  8:44  Hydralisk x5  
  139  8:47  Zergling x6  
  139  8:48  Zergling x10  
  157  9:05  Zerg Missile Weapons Level 2  
  157  9:14  Infestation Pit  
  157  9:16  Hydralisk  
  157  9:17  Hydralisk x2  
  158  9:21  Grooved Spines  
  158  9:22  Overlord x2  
  158  9:23  Overlord x3  
  161  9:43  Overseer x2  
  161  9:45  Overseer x2  
  161  9:53  Hive  
  161  9:57  Hydralisk x2  
  161  9:58  Hydralisk x5  
  174  10:03  Overseer  
  174  10:08  Drone  
  174  10:09  Drone x6  
  181  10:32  Muscular Augments  
  178  10:38  Hydralisk  
  178  10:39  Hydralisk x9  
  172  10:58  Hydralisk  
  172  10:59  Hydralisk x13  
  177  11:05  Hydralisk  
  177  11:06  Hydralisk x2  
  177  11:10  Zergling x2  
  177  11:11  Zergling x22  
  178  11:14  Drone  
  178  11:15  Extractor x2, Drone x3  
  156  11:26  Zerg Missile Weapons Level 3  
  156  11:27  Zerg Ground Armor Level 2  
  156  11:32  Hatchery  
  156  11:35  Hatchery  
  152  12:01  Hydralisk  
  152  12:02  Hydralisk x12  
  127  12:23  Swarm Host  
  127  12:24  Swarm Host x5  
  135  12:49  Zergling x8  
  135  12:50  Zergling x8  
  135  12:51  Zergling x6  
  145  12:52  Zergling x18  
  155  13:08  Viper x5  
  155  13:12  Queen x4  
  170  13:34  Extractor  
  170  13:37  Extractor  
  170  13:38  Extractor  
  170  13:39  Extractor  
  151  13:47  Zergling x8, Hydralisk x7  
  151  13:48  Hydralisk x3, Zergling x16  
  167  13:49  Zergling x4  
  170  13:56  Hydralisk x3  
  170  13:57  Hydralisk x6  
  175  14:03  Spire  
  168  14:12  Overlord x3  
  164  14:21  Hydralisk x5  
  162  14:33  Hydralisk x3  
  162  14:34  Hydralisk x2  
  172  14:42  Drone  
  172  14:43  Drone x9  
  160  15:08  Hydralisk  
  160  15:09  Hydralisk x9  
  176  15:24  Hydralisk  
  176  15:25  Hydralisk x6  
  168  15:50  Hydralisk x9  
  168  15:51  Hydralisk x4  
  189  16:11  Hydralisk  
  183  16:19  Viper x2  
Tags
 
Add a new tag
Caveats
  • Supply blocks, unpowered buildings, or Contaminate may cause inaccurate times.
  • Supply counts are checked every 10 seconds.